 Dungeon Crawl Stone Soup version 0.31-a0-692-gf03d1854d5 (webtiles) character file.

Game seed: 9048753183907865514

12835 qw the Marksgargoyle (level 11, -2/72 HPs)
             Began as a Gargoyle Hunter on Sept 6, 2023.
             Was a Priest of Okawaru.
             Killed by the air
             ... invoked by a wind drake
              (12 damage)
             ... on level 2 of the Lair of Beasts.
             The game lasted 00:05:00 (10422 turns).

qw the Marksgargoyle (Gargoyle Hunter)             Turns: 10422, Time: 00:05:01

Health: -2/72      AC: 18    Str: 19    XL:     11   Next: 99%
Magic:  10/12      EV: 15    Int:  9    God:    Okawaru [***...]
Gold:   675        SH:  5    Dex: 16    Spells: 10/10 levels left

rFire   + . .        Y - +3 longbow
rCold   . . .        (shield currently unavailable)
rNeg    + + +        k - +2 ring mail {rF+}
rPois   inf          (no helmet)
rElec   +            i - +0 cloak
rCorr   .            (no gloves)
SInv    .            (no boots)
Will    .....        e - amulet of reflection
Stlth   +++          h - ring of positive energy
HPRegen 0.32/turn    j - ring of positive energy
MPRegen 0.13/turn

%: reflection
@: about to teleport, heroic
A: sickness immunity, AC +8, negative energy resistance 1, electricity
resistance, torment resistance 1, petrification resistance, hooves 1, low MP 1,
strong 1
a: Renounce Religion, Heroism


You were on level 2 of the Lair of Beasts.
You worshipped Okawaru.
Okawaru was most pleased with you.
You visited 3 branches of the dungeon, and saw 12 of its levels.
You also visited: Ossuary.

You collected 675 gold pieces.


Innate Abilities, Weirdness & Mutations

You are immune to sickness and miasma.
Your stone body is resilient. (AC +8)
You are immune to poison.
You resist negative energy. (rN+)
You are resistant to electric shocks. (rElec)
You are resistant to unholy torment.
You are immune to petrification.
You have large cloven feet.
Your magical capacity is low. (-10% MP)
Your muscles are strong. (Str +4, Int/Dex -1)


   Skills:
 - Level 10.1(15.1) Fighting
 + Level 15.3(20.3) Ranged Weapons
 - Level 4.1(9.1) Armour
 - Level 4.0(9.0) Dodging
 - Level 1.1(6.1) Stealth
 - Level 4.0 Invocations


You had 10 spell levels left.
You didn't know any spells.
Your spell library was empty.

Inventory:

Hand Weapons
 Y - a +3 longbow (weapon)
Armour
 i - a +0 cloak (worn)
 k - a +2 ring mail of fire resistance (worn)
 s - a +0 troll leather armour
Jewellery
 e - an amulet of reflection (around neck)
 h - a ring of positive energy (left hand)
 j - a ring of positive energy (right hand)
 r - a ring of ice
Wands
 f - a wand of digging (3)
Scrolls
 a - a scroll of brand weapon {unknown}
 c - a scroll of identify
Potions
 b - 4 potions of enlightenment
 d - 2 potions of mutation
 l - a potion of haste
 m - a potion of cancellation
 o - a potion of might
 p - 2 potions of resistance

Dungeon Overview and Level Annotations

Branches:
Dungeon (9/15)             Temple (1/1) D:6            Lair (2/5) D:9
 Shoals (0/4) Lair:2      Ossuary (visited)
  Snake: Lair:2-3    Spider: Lair:2-3       Orc: D:9-12

Altars:
Ashenzari
Cheibriados
Elyvilon
Fedhas
Gozag
Kikubaaqudgha
Nemelex Xobeh
Okawaru
Qazlal
Sif Muna
Trog
Uskayaw
Wu Jian
Xom
Yredelemnul
Zin
The Shining One

Annotations:
D:2 1 runed translucent door, Crazy Yiuf
D:4 3 runed translucent doors, qw's ghost, amateur GrHu
Lair:1 2 runed translucent doors, qw's ghost, journeyman GrHu


Message History

You shoot an arrow. The arrow barely misses the wind drake.
You shoot an arrow.
The arrow closely misses the wind drake.
The wind drake bites you.
You shoot an arrow. The arrow is repelled.
The wind drake bites you.
You shoot an arrow. The arrow misses the wind drake.
The wind drake misses you.
The wind drake exhales a fierce blast of wind!
You are knocked back by the gust of wind.
You shoot an arrow. The arrow hits the wind drake!!
The wind drake is almost dead.
The wind drake flaps its wings at you. The air twists around and strikes you!
You shoot an arrow. The arrow barely misses the wind drake.
The wind drake flaps its wings at you. The air twists around and strikes you!
10416 ||| INVOKING Heroism.
You gain the combat prowess of a mighty hero.
You can no longer speed up your combat.
You shoot an arrow. The arrow barely misses the wind drake.
The wind drake exhales a fierce blast of wind!
You are knocked back by the gust of wind.
You shoot an arrow. The arrow barely misses the wind drake.
You shoot an arrow.
The arrow closely misses the wind drake.
The wind drake flaps its wings at you. The air twists around and strikes you!
You shoot an arrow.
The arrow closely misses the wind drake.
The wind drake flaps its wings at you. The air twists around and strikes you!
10421 ||| READING scroll of teleportation.
As you read the scroll of teleportation, it crumbles to dust.
You feel strangely unstable.
The wind drake exhales a fierce blast of wind!
You shoot an arrow. The arrow barely misses the wind drake.
The wind drake flaps its wings at you. The air twists around and strikes you!
You die...

........# ........##
#............ .........#
P...................P
...#.>...####.>..!...............
.#.#......#..#.P.................
#######..........................
####.#.....#.P...................
..##........##...........w.......
.........#..#...@.......FY.......
....#....#.......................
..#######..................$.....
..# ###.......k...........#.#..
..#####......................#..
#...........................## .
........#...%................
..............................
.##................$...........


You could see a wind drake (repels missiles, catching breath).

Vanquished Creatures
  A manticore (Lair:2)
  Maurice (D:9)
  Joseph (Lair:1)
  Maggie (D:9)
  A torpor snail (Lair:2)
  5 cane toads
  2 komodo dragons (Lair:1)
  A troll (D:9)
  A hornet (Lair:2)
  8 blink frogs
  A shadow (D:9)
  A wyvern (Lair:2)
  2 basilisks (Lair:2)
  9 yaks
  A steam dragon (D:7)
  A vampire mosquito (D:6)
  Edmund (D:6)
  4 water moccasins
  2 orc warriors
  Duvessa (D:6)
  An ice beast (D:4)
  3 sky beasts
  4 black bears
  2 ogres
  2 centaurs
  A phantom (D:5)
  4 elf zombies (Ossuary)
  8 bullfrogs
  3 gnoll sergeants
  2 scorpions
  4 wights (D:8)
  Dowan (D:6)
  8 killer bees (D:9)
  5 howler monkeys
  2 centaur zombies (Ossuary)
  2 jellies
  A human zombie (Ossuary)
  7 hounds
  3 gnoll boudas
  5 orc priests
  4 iguanas
  11 orc wizards
  2 mummies (Ossuary)
  22 gnolls
  10 adders
  A shadow imp (D:5)
  2 white imps
  2 ufetubi
  2 worms
  2 dart slugs
  26 orcs
  12 ball pythons
  12 endoplasms
  4 giant cockroaches
  8 goblins
  7 hobgoblins
  8 quokkas
  4 bats
  2 frilled lizards (D:1)
  2 goblin zombies (Ossuary)
  8 hobgoblin zombies (Ossuary)
  A jackal zombie (Ossuary)
  5 kobolds
  13 kobold zombies (Ossuary)
  3 orc zombies (Ossuary)
  6 rats
  3 rat zombies (Ossuary)
295 creatures vanquished.

Notes
Turn   | Place    | Note
-------+----------+-------------------------------------------
     0 | D:1      | qw the Gargoyle Hunter began the quest for the Orb.
     0 | D:1      | Reached XP level 1. HP: 12/12 MP: 1/1
     0 | D:1      | 0 ||| qw: Version: 0.3-a-76-g4403597
     0 | D:1      | 0 ||| qw: Game counter: 114
     0 | D:1      | 0 ||| qw: Melee chars always use a shield: true
     0 | D:1      | 0 ||| qw: God list: Okawaru
     0 | D:1      | 0 ||| qw: Allow faded altars: false
     0 | D:1      | 0 ||| qw: Do Orc after clearing Dungeon:15 true
     0 | D:1      | 0 ||| qw: Do second Lair branch before Depths: true
     0 | D:1      | 0 ||| qw: Lair rune preference: random
     0 | D:1      | 0 ||| qw: Goals: Normal
     0 | D:1      | 0 ||| PLANNING D:1-11
   126 | D:1      | Found a faded altar of an unknown god.
   183 | D:1      | Reached XP level 2. HP: 17/17 MP: 2/2
   497 | D:1      | Reached XP level 3. HP: 21/21 MP: 3/3
   592 | D:1      | Reached skill level 5 in Ranged Weapons
   893 | D:1      | 893 ||| UPGRADING to +0 cloak.
   898 | D:1      | 898 ||| UPGRADING to +0 ring mail.
   908 | D:1      | 908 ||| DROPPING +0 leather armour.
   909 | D:1      | 909 ||| UPGRADING to ring of positive energy.
   910 | D:1      | 910 ||| READING scroll labelled PIOPHE BOSOMM.
   911 | D:1      | 911 ||| READING scroll labelled OSOGICVOWA.
   921 | D:1      | 921 ||| READING 3 scrolls labelled HAETZU AXUEGUZ.
   926 | D:1      | 926 ||| DROPPING scroll of butterflies.
  1038 | D:2      | Found a glowing golden altar of the Shining One.
  1043 | D:2      | Reached skill level 1 in Armour
  1136 | D:2      | Reached skill level 3 in Fighting
  1136 | D:2      | Reached XP level 4. HP: 28/28 MP: 4/4
  1292 | D:2      | Found a runed translucent door.
  1293 | D:2      | Noticed Crazy Yiuf
  1710 | D:2      | 1710 ||| UPGRADING to amulet of reflection.
  1715 | D:2      | 1715 ||| READING scroll labelled CEFRUM DODUOWEUSS.
  1716 | D:2      | 1716 ||| READING 2 scrolls labelled JOGGIB DOTABE.
  1717 | D:2      | 1717 ||| DRINKING 2 fuming silvery potions.
  1760 | D:3      | Reached XP level 5. HP: 32/32 MP: 5/5
  1779 | D:3      | 1779 ||| READING scroll of enchant weapon.
  1779 | D:3      | 1779 ||| ENCHANTING +1 shortbow.
  2285 | D:3      | 2285 ||| READING scroll of enchant weapon.
  2285 | D:3      | 2285 ||| ENCHANTING +2 shortbow.
  2381 | D:3      | 2381 ||| READING scroll labelled SOCEOPH WAZXAF.
  2382 | D:3      | 2382 ||| DRINKING 2 fizzy dark potions.
  2383 | D:3      | 2383 ||| DRINKING 2 gluggy clear potions.
  2411 | D:4      | Reached skill level 6 in Ranged Weapons
  2605 | D:4      | Reached XP level 6. HP: 23/39 MP: 6/6
  2685 | D:4      | 2685 ||| SWAPPING to +0 longbow.
  2686 | D:4      | 2686 ||| DROPPING +3 shortbow.
  2688 | D:4      | Noticed an ice beast
  2694 | D:4      | Killed an ice beast
  2695 | D:4      | Reached skill level 7 in Ranged Weapons
  2695 | D:4      | Reached XP level 7. HP: 44/44 MP: 7/7
  2713 | D:4      | 2713 ||| READING scroll of enchant weapon.
  2713 | D:4      | 2713 ||| ENCHANTING +0 longbow.
  2740 | D:4      | 2740 ||| READING scroll of enchant weapon.
  2740 | D:4      | 2740 ||| ENCHANTING +1 longbow.
  2780 | D:4      | Found a runed translucent gate.
  2780 | D:4      | Noticed qw's ghost (amateur GrHu)
  2781 | D:4      | Found a runed translucent gate.
  2782 | D:4      | Found a runed translucent gate.
  2784 | D:4      | Identified the +11 short sword of Veykh {heavy, Dex+2}
  2784 | D:4      | Identified the +3 chain mail of the Old and Reckless {rF++}
  3150 | D:4      | 3150 ||| DROPPING ring of wizardry.
  3182 | D:5      | Entered Level 5 of the Dungeon
  3183 | D:5      | 3183 ||| PLANNING OSSUARY
  3253 | D:5      | Reached skill level 8 in Ranged Weapons
  3294 | D:5      | Found a sand-covered staircase.
  3302 | Ossuary  | Entered an ossuary
  3388 | Ossuary  | HP: 10/44 [mummy (5)]
  3389 | Ossuary  | 3389 ||| READING 4 scrolls of teleportation.
  3391 | Ossuary  | HP: 3/44 [elf zombie (5)]
  3397 | Ossuary  | 3397 ||| READING 3 scrolls of teleportation.
  3399 | Ossuary  | HP: 3/44 [centaur zombie (2)]
  3577 | Ossuary  | Reached XP level 8. HP: 49/49 MP: 8/8
  3744 | Ossuary  | 3744 ||| DRINKING 2 coppery potions.
  3745 | Ossuary  | 3745 ||| DRINKING 2 fuming grey potions.
  3745 | Ossuary  | Gained mutation: Your magical capacity is low. (-10% MP)
                  | [potion of mutation]
  3745 | Ossuary  | Gained mutation: Your muscles are strong. (Str +4, Int/Dex
                  | -1) [potion of mutation]
  3745 | Ossuary  | Gained mutation: You have large cloven feet. [potion of
                  | mutation]
  3746 | Ossuary  | 3746 ||| DRINKING 2 puce potions.
  3747 | Ossuary  | 3747 ||| DRINKING 2 viscous brown potions.
  3748 | Ossuary  | 3748 ||| DRINKING 2 potions of curing.
  3748 | Ossuary  | 3748 ||| (to cure confusion)
  3749 | Ossuary  | 3749 ||| DROPPING potion of brilliance.
  3750 | Ossuary  | 3750 ||| DROPPING potion of ambrosia.
  3765 | D:5      | 3765 ||| PLANNING D:1-11
  3787 | D:5      | Reached skill level 9 in Ranged Weapons
  3894 | D:5      | 3894 ||| Stepping ~*~*~tactically~*~*~ (water).
  3895 | D:5      | 3895 ||| Stepping ~*~*~tactically~*~*~ (water).
  4111 | D:5      | Reached skill level 6 in Fighting
  4628 | D:6      | Noticed Edmund
  4634 | D:6      | 4634 ||| Stepping ~*~*~tactically~*~*~ (retreating).
  4635 | D:6      | Killed Edmund
  4639 | D:6      | Reached skill level 10 in Ranged Weapons
  4648 | D:6      | Reached XP level 9. HP: 55/56 MP: 8/8
  5067 | D:6      | Noticed Duvessa
  5074 | D:6      | Killed Duvessa
  5084 | D:6      | Noticed Dowan
  5092 | D:6      | Killed Dowan
  5292 | D:6      | Found a staircase to the Ecumenical Temple.
  5293 | D:6      | 5293 ||| PLANNING TEMPLE
  5293 | D:6      | 5293 ||| DRINKING 2 brown potions.
  5302 | Temple   | Entered the Ecumenical Temple
  5303 | Temple   | 5303 ||| PLANNING OKAWARU WORSHIP
  5319 | Temple   | Became a worshipper of Warmaster Okawaru
  5320 | Temple   | 5320 ||| PLANNING D:1-11
  5374 | D:6      | Found a basalt altar of Yredelemnul.
  5488 | D:6      | Reached skill level 11 in Ranged Weapons
  5555 | D:6      | 5555 ||| DRINKING 2 green potions.
  5623 | D:7      | 5623 ||| Stepping ~*~*~tactically~*~*~ (outnumbered).
  5625 | D:7      | 5625 ||| Stepping ~*~*~tactically~*~*~ (outnumbered).
  5627 | D:7      | 5627 ||| Stepping ~*~*~tactically~*~*~ (outnumbered).
  5630 | D:7      | 5630 ||| Stepping ~*~*~tactically~*~*~ (outnumbered).
  5737 | D:7      | 5737 ||| Stepping ~*~*~tactically~*~*~ (outnumbered).
  5739 | D:7      | 5739 ||| Stepping ~*~*~tactically~*~*~ (outnumbered).
  5741 | D:7      | 5741 ||| Stepping ~*~*~tactically~*~*~ (outnumbered).
  5743 | D:7      | 5743 ||| RETREATING.
  5749 | D:7      | 5749 ||| Stepping ~*~*~tactically~*~*~ (retreating).
  5750 | D:7      | 5750 ||| Stepping ~*~*~tactically~*~*~ (retreating).
  5751 | D:7      | 5751 ||| Stepping ~*~*~tactically~*~*~ (retreating).
  5751 | D:7      | HP: 14/57 [steam dragon (8)]
  5752 | D:7      | 5752 ||| READING 4 scrolls of teleportation.
  5753 | D:7      | 5753 ||| DRINKING potion of heal wounds.
  5754 | D:7      | 5754 ||| Stepping ~*~*~tactically~*~*~ (retreating).
  5758 | D:7      | Reached skill level 3 in Dodging
  5795 | D:7      | Reached skill level 3 in Armour
  5945 | D:7      | Found a glowing golden altar of the Shining One.
  6001 | D:7      | 6001 ||| Stepping ~*~*~tactically~*~*~ (outnumbered).
  6004 | D:7      | 6004 ||| Stepping ~*~*~tactically~*~*~ (outnumbered).
  6006 | D:7      | 6006 ||| Stepping ~*~*~tactically~*~*~ (outnumbered).
  6008 | D:7      | 6008 ||| Stepping ~*~*~tactically~*~*~ (outnumbered).
  6022 | D:7      | 6022 ||| DRINKING 2 potions of curing.
  6022 | D:7      | 6022 ||| (to cure confusion)
  6089 | D:7      | Reached * piety under Okawaru
  6091 | D:7      | 6091 ||| INVOKING Heroism.
  6092 | D:7      | 6092 ||| INVOKING Heroism.
  6121 | D:7      | 6121 ||| Stepping ~*~*~tactically~*~*~ (outnumbered).
  6130 | D:7      | 6130 ||| INVOKING Heroism.
  6142 | D:7      | 6142 ||| Stepping ~*~*~tactically~*~*~ (cloud).
  6143 | D:7      | 6143 ||| Stepping ~*~*~tactically~*~*~ (cloud).
  6223 | D:7      | Reached skill level 1 in Invocations
  6223 | D:7      | Reached XP level 10. HP: 64/64 MP: 9/9
  6438 | D:7      | 6438 ||| READING scroll labelled SESEAGONGU.
  6439 | D:7      | 6439 ||| READING scroll labelled OSEILLILL.
  6540 | D:7      | 6540 ||| READING 3 scrolls of identify.
  6540 | D:7      | 6540 ||| IDENTIFYING metallic sapphire potion
  6541 | D:7      | 6541 ||| READING 2 scrolls of identify.
  6541 | D:7      | 6541 ||| IDENTIFYING fuming clear potion
  6542 | D:7      | 6542 ||| DROPPING potion of degeneration.
  6568 | D:8      | 6568 ||| INVOKING Heroism.
  6569 | D:8      | 6569 ||| STAIRDANCE
  6590 | D:8      | 6590 ||| STAIRDANCE
  6600 | D:8      | 6600 ||| STAIRDANCE
  6649 | D:8      | 6649 ||| INVOKING Heroism.
  6657 | D:8      | Reached skill level 12 in Ranged Weapons
  6833 | D:8      | 6833 ||| DRINKING potion of curing.
  6833 | D:8      | 6833 ||| (to cure confusion)
  6887 | D:8      | 6887 ||| FLEEEEING.
  7088 | D:8      | Reached skill level 3 in Invocations
  7372 | D:8      | 7372 ||| UPGRADING to ring of positive energy.
  7373 | D:8      | 7373 ||| READING scroll labelled GISISE SEBIGG.
  7374 | D:8      | 7374 ||| READING scroll labelled QAOM NENUVORI.
  7398 | D:9      | Noticed Maggie
  7404 | D:9      | 7404 ||| INVOKING Heroism.
  7407 | D:9      | Killed Maggie
  7514 | D:9      | Found a stormy altar of Qazlal.
  7684 | D:9      | 7684 ||| INVOKING Heroism.
  7999 | D:9      | 7999 ||| Stepping ~*~*~tactically~*~*~ (outnumbered).
  8000 | D:9      | 8000 ||| Stepping ~*~*~tactically~*~*~ (outnumbered).
  8070 | D:9      | Found a staircase to the Lair.
  8206 | D:9      | Found a broken altar of Ashenzari.
  8229 | D:9      | Noticed Maurice
  8237 | D:9      | 8237 ||| DRINKING potion of curing.
  8237 | D:9      | 8237 ||| (to cure confusion)
  8245 | D:9      | Killed Maurice
  8245 | D:9      | Reached ** piety under Okawaru
  8246 | D:9      | Reached skill level 13 in Ranged Weapons
  8525 | D:9      | 8525 ||| INVOKING Heroism.
  8608 | D:9      | 8608 ||| PLANNING LAIR
  8608 | D:9      | 8608 ||| UPGRADING to +0 steam dragon scales.
  8618 | D:9      | 8618 ||| DROPPING +0 ring mail.
  8619 | D:9      | 8619 ||| UPGRADING to +0 troll leather armour.
  8629 | D:9      | 8629 ||| DROPPING +0 steam dragon scales.
  8630 | D:9      | 8630 ||| READING 2 scrolls of identify.
  8630 | D:9      | 8630 ||| IDENTIFYING bubbling amethyst potion
  8631 | D:9      | 8631 ||| DROPPING potion of berserk rage.
  8694 | Lair:1   | Entered Level 1 of the Lair of Beasts
  8707 | Lair:1   | Noticed a cane toad
  8708 | Lair:1   | 8708 ||| INVOKING Heroism.
  8713 | Lair:1   | Killed a cane toad
  8714 | Lair:1   | Reached skill level 9 in Fighting
  8785 | Lair:1   | 8785 ||| INVOKING Heroism.
  8788 | Lair:1   | Reached XP level 11. HP: 71/71 MP: 9/12
  8788 | Lair:1   | 8788 ||| RETREATING.
  8808 | Lair:1   | 8808 ||| INVOKING Heroism.
  8873 | Lair:1   | 8873 ||| INVOKING Heroism.
  8933 | Lair:1   | 8933 ||| INVOKING Heroism.
  8954 | Lair:1   | 8954 ||| RETREATING.
  8963 | Lair:1   | 8963 ||| Stepping ~*~*~tactically~*~*~ (retreating).
  8964 | Lair:1   | 8964 ||| Stepping ~*~*~tactically~*~*~ (retreating).
  8965 | Lair:1   | 8965 ||| INVOKING Heroism.
  8969 | Lair:1   | Reached skill level 14 in Ranged Weapons
  8977 | Lair:1   | 8977 ||| Stepping ~*~*~tactically~*~*~ (retreating).
  8978 | Lair:1   | 8978 ||| Stepping ~*~*~tactically~*~*~ (retreating).
  8982 | Lair:1   | 8982 ||| Stepping ~*~*~tactically~*~*~ (retreating).
  8987 | Lair:1   | Reached *** piety under Okawaru
  8988 | Lair:1   | 8988 ||| FLEEEEING.
  8989 | Lair:1   | 8989 ||| FLEEEEING.
  8990 | Lair:1   | 8990 ||| FLEEEEING.
  8991 | Lair:1   | 8991 ||| FLEEEEING.
  8992 | Lair:1   | 8992 ||| FLEEEEING.
  8993 | Lair:1   | 8993 ||| FLEEEEING.
  8994 | Lair:1   | 8994 ||| FLEEEEING.
  8995 | Lair:1   | 8995 ||| FLEEEEING.
  8996 | Lair:1   | 8996 ||| FLEEEEING.
  8997 | Lair:1   | 8997 ||| FLEEEEING.
  8998 | Lair:1   | 8998 ||| FLEEEEING.
  8999 | Lair:1   | 8999 ||| FLEEEEING.
  9000 | Lair:1   | 9000 ||| FLEEEEING.
  9004 | Lair:1   | 9004 ||| INVOKING Heroism.
  9070 | Lair:1   | 9070 ||| INVOKING Heroism.
  9074 | Lair:1   | Noticed Joseph
  9080 | Lair:1   | Killed Joseph
  9160 | Lair:1   | 9160 ||| READING scroll of enchant weapon.
  9160 | Lair:1   | 9160 ||| ENCHANTING +2 longbow.
  9230 | Lair:1   | Found a large runed translucent door.
  9230 | Lair:1   | Found a large runed translucent door.
  9233 | Lair:1   | Noticed qw's ghost (journeyman GrHu)
  9293 | Lair:1   | 9293 ||| INVOKING Heroism.
  9585 | Lair:1   | 9585 ||| UPGRADING to +2 ring mail of fire resistance.
  9595 | Lair:1   | 9595 ||| DROPPING amulet of the acrobat.
  9596 | Lair:1   | 9596 ||| READING scroll labelled DYKKEPT JIAMI.
  9597 | Lair:1   | 9597 ||| READING scroll labelled UGIUNG CIJIMIC.
  9711 | Lair:2   | 9711 ||| Stepping ~*~*~tactically~*~*~ (retreating).
  9730 | Lair:2   | 9730 ||| RETREATING.
  9732 | Lair:2   | 9732 ||| Stepping ~*~*~tactically~*~*~ (retreating).
  9733 | Lair:2   | 9733 ||| Stepping ~*~*~tactically~*~*~ (retreating).
  9734 | Lair:2   | 9734 ||| Stepping ~*~*~tactically~*~*~ (retreating).
  9735 | Lair:2   | 9735 ||| Stepping ~*~*~tactically~*~*~ (retreating).
  9736 | Lair:2   | 9736 ||| Stepping ~*~*~tactically~*~*~ (retreating).
  9737 | Lair:2   | 9737 ||| Stepping ~*~*~tactically~*~*~ (retreating).
  9738 | Lair:2   | 9738 ||| Stepping ~*~*~tactically~*~*~ (retreating).
  9739 | Lair:2   | 9739 ||| Stepping ~*~*~tactically~*~*~ (retreating).
  9740 | Lair:2   | 9740 ||| INVOKING Heroism.
  9746 | Lair:2   | HP: 11/72 [yak (11)]
  9747 | Lair:2   | 9747 ||| READING 4 scrolls of teleportation.
  9794 | Lair:2   | 9794 ||| INVOKING Heroism.
  9800 | Lair:2   | HP: 12/72 [cane toad (13)]
  9801 | Lair:2   | 9801 ||| READING 3 scrolls of teleportation.
  9805 | Lair:2   | Found a staircase to the Shoals.
  9805 | Lair:2   | Noticed a manticore
  9806 | Lair:2   | 9806 ||| READING 2 scrolls of teleportation.
  9819 | Lair:2   | 9819 ||| READING scroll of teleportation.
  9819 | Lair:2   | HP: 11/72 [yak[a torpor snail] (7)]
  9820 | Lair:2   | 9820 ||| INVOKING Heroism.
  9826 | Lair:2   | HP: 7/72 [water moccasin (6)]
 10141 | Lair:2   | 10141 ||| INVOKING Heroism.
 10144 | Lair:2   | 10144 ||| RETREATING.
 10174 | Lair:2   | 10174 ||| INVOKING Heroism.
 10179 | Lair:2   | Reached skill level 15 in Ranged Weapons
 10346 | Lair:2   | Reached **** piety under Okawaru
 10348 | Lair:2   | 10348 ||| INVOKING Heroism.
 10378 | Lair:2   | 10378 ||| INVOKING Heroism.
 10380 | Lair:2   | Killed a manticore
 10416 | Lair:2   | 10416 ||| INVOKING Heroism.
 10420 | Lair:2   | HP: 9/72 [wind drake/the air (13)]
 10421 | Lair:2   | 10421 ||| READING scroll of teleportation.
 10422 | Lair:2   | Killed from afar by a wind drake

Levels and vault maps discovered:
D:1:      sevenhm_arrival_forest_fort_large_4, layout_basic,
          hellmonk_ecumenical_altar_lost_god, minmay_misc_feat_rows,
          st_stairs_9, nicolae_kite_square_tiling_tiny, kennysheep_minor_cross
D:2:      wad_woods_stonehenge, layout_basic, feat_on_display,
          uniq_crazy_yiuf_cottage
D:3:      layout_loops_cross
D:4:      layout_basic, biasface_ghost_orc_armoury
D:5:      layout_loops_corners, enter_ossuary_1, saegor_snake_ambush
D:6:      kennysheep_big_flooded_room, layout_gridville,
          mainiacjoe_overflow_alcove_2, minmay_temple_entry_purple_smoke,
          minmay_misc_feat_iff, uniq_duvessa, uniq_edmund
D:7:      layout_rooms, mainiacjoe_overflow_catwalk
D:8:      layout_loops_ring, roderic_roman_lattice
D:9:      layout_loops_corners, kennysheep_mini, grunt_qazlal_clouds,
          dpeg_oklobed_lair, uniq_maurice, uniq_maggie
Temple:   nicolae_temple_bog_church
Lair:1:   layout_gridlike, ebering_ghost_disaster_area, uniq_joseph
Lair:2:   layout_layer_cave, minmay_shoals_entry_beasts

Skill      XL: |  1  2  3  4  5  6  7  8  9 10 11 |
---------------+----------------------------------+-----
Ranged Weapons | 5 6 7 8 10 11 13 15 | 15.3
Armour         | 1 2 3 4 |  4.1
Fighting       | 3 4 5 6 8 9 10 | 10.1
Dodging        | 2 3 4 |  4.0
Invocations    | 1 4 |  4.0
Stealth        | |  1.1

Action                     |  1- 3 |  4- 6 |  7- 9 | 10-12 || total
---------------------------+-------+-------+-------+-------++-------
   Fire: Shortbow          |   121 |   135 |       |       ||   256
         Longbow           |       |     5 |   409 |   447 ||   861
 Invoke: Heroism           |       |       |     2 |    22 ||    24
    Use: Scroll            |     3 |     5 |     5 |    15 ||    28
         Potion            |       |     3 |     9 |     2 ||    14
 Armour: Leather armour    |    15 |       |       |       ||    15
         Ring mail         |    27 |    30 |   289 |   132 ||   478
         Troll leather arm |       |       |       |     8 ||     8
  Dodge: Dodged            |    33 |    22 |   214 |   121 ||   390
  Block: Other             |       |     7 |    89 |    33 ||   129

Table legend:
 A = Non-vault XP
 B = Vault XP
 C = Vault XP percentage of total XP
 D = Non-vault monster count
 E = Vault monster count
 F = Vault count percentage of total count
                 A         B        C        D         E       F
            +---------+---------+-------+---------+---------+-------
      Total |   15168 |    3169 |  17.3 |     232 |      63 |  21.4
            +---------+---------+-------+---------+---------+-------
        D:1 |      35 |       5 |  12.5 |      20 |       4 |  16.7
        D:2 |     104 |      12 |  10.3 |      24 |       6 |  20.0
        D:3 |      50 |       0 |   0.0 |      18 |       0 |   0.0
        D:4 |     612 |       0 |   0.0 |      13 |       0 |   0.0
        D:5 |     651 |      18 |   2.7 |      15 |       5 |  25.0
        D:6 |     642 |     627 |  49.4 |      17 |       5 |  22.7
        D:7 |    1385 |       0 |   0.0 |      36 |       0 |   0.0
        D:8 |    1067 |       0 |   0.0 |      28 |       0 |   0.0
        D:9 |    1630 |     908 |  35.8 |      23 |       2 |   8.0
     Lair:1 |    4769 |     471 |   9.0 |      20 |       1 |   4.8
     Lair:2 |    4223 |     533 |  11.2 |      18 |       1 |   5.3
    Ossuary |       0 |     595 | 100.0 |       0 |      39 | 100.0
            +---------+---------+-------+---------+---------+-------
